cohdb
Replays
Latest Replays
All Replays
Popular Replays
Top Player Replays
Match Explorer
How It Works
Community
CoH3 Stats
Reddit
Sign in to upload your games and track your stats! →
Sign in with Steam
Match 42302572
Unlisted
Match 42302572
Overview
Messages
Build Orders
End
Construct Section Command Post
Royal Engineer Section
Selects Canadian Shock Battlegroup
Dingo Light Scout Car
Infantry Section
Infantry Section
Selects Attacking Spirit
Selects Canadian Shock Section
Vickers Machine Gun Team
Canadian Shock Section
Grenade Package
Selects Incendiary Munitions
Construct Platoon Command Post
Construct Platoon Command Post
6-pounder Anti-tank Gun Team
6-pounder Anti-tank Gun Team
Selects Pyrotechnics
Selects Smoke Operation
Construct Company Command Post
CMP 15cwt Truck
Foot Guards Section
BIOHAZARD
MDJ1305
0
0
Comments
sign in to comment!
No comments posted yet!